 Dungeon Crawl Stone Soup version 0.31-a0-1589-g8f5e8aebd6 (webtiles) character file.

Game seed: 13883877534436757276

450 Atlas the Ruffian (level 6, -3/55 HPs)
             Began as a Troll Shapeshifter on Jan 6, 2024.
             Was an Initiate of Gozag.
             Slain by a gnoll
             ... wielding a +2 spear of distortion
             ... led by a gnoll bouda
              (9 damage)
             ... on level 4 of the Dungeon.
             The game lasted 00:02:40 (2382 turns).

Atlas the Ruffian (Troll Shapeshifter)              Turns: 2382, Time: 00:02:41

Health: -3/55      AC:  5    Str: 25    XL:     6   Next: 74%
Magic:  5/5        EV: 10    Int:  6    God:    Gozag
Gold:   266        SH:  5    Dex:  9    Spells: 5/5 levels left

rFire   . .          .
                       - Unarmed
rCold   . . .        (no shield)
rNeg    + . .        k - +1 robe {rN+}
rPois   .            (helmet currently unavailable)
rElec   .            (cloak currently unavailable)
rCorr   .            (gloves unavailable)
SInv    .            (boots unavailable)
Will    .....        l - amulet of reflection
Stlth   +            (no ring)
HPRegen 1.09/turn    (no ring)
MPRegen 0.09/turn

%: reflection
@: lethally poisoned (-3 -> -5), beast-form, slowed, very slow
A: beast (slay +2), large, unfitting armour, claws 3, regeneration 1, shaggy fur
1, tough skin 1
a: Begin Untransformation, Renounce Religion, Potion Petition, Call Merchant,
Bribe Branch


You were on level 4 of the Dungeon.
You worshipped Gozag.
Gozag was aware of your devotion.
You were a hulking beast.
You visited 1 branch of the dungeon, and saw 4 of its levels.

You collected 309 gold pieces.
You paid 43 gold pieces to Gozag.

Inventory:

Armour
 a - a +0 animal skin
 k - a +1 robe of positive energy (worn)
Jewellery
 l - an amulet of reflection (around neck)
Talismans
 c - a beast talisman
 d - a flux talisman
Scrolls
 f - 2 scrolls of noise {unknown}
 g - 2 scrolls of identify
 i - a scroll of enchant armour {unknown}
 j - 2 scrolls of enchant weapon {unknown}
 r - a scroll of teleportation {unknown}
Potions
 b - a potion of lignification
 e - a potion of berserk rage {unknown}
 h - a potion of curing
 m - a potion of resistance
 n - a potion of ambrosia {unknown}
 o - a potion of brilliance {unknown}
 p - a potion of invisibility {unknown}
 q - a potion of degeneration {unknown}


   Skills:
 + Level 1.2 Fighting
 + Level 2.7 Dodging
 + Level 0.8 Stealth
 + Level 0.9 Shields
 + Level 5.5 Unarmed Combat
 * Level 4.3 Shapeshifting


You had 5 spell levels left.
You didn't know any spells.
Your spell library was empty.

Dungeon Overview and Level Annotations

Branches:
Dungeon (4/15)
 Temple: D:4-7

Altars:
Ashenzari
Cheibriados
Gozag
Makhleb
Xom


Innate Abilities, Weirdness & Mutations

You are a hulking beast.
Your limbs bulge with bestial killing power. (Slay +2)
You are too large for most types of armour.
You have claws for hands.
Your natural rate of healing is unusually fast.
You are covered in fur. (AC +1)
You have tough skin. (AC +1)


Message History

You feel sick.
The gnoll is no longer moving quickly.
The gnoll bouda attacks as it pursues you!
You block the gnoll bouda's attack. The gnoll attacks as it pursues you!
The gnoll hits you from afar with a +2 spear of distortion!
* * * LOW HITPOINT WARNING * * *
Space warps around you.
* * * LOW HITPOINT WARNING * * *
The gnoll bouda barks out a call to the hunt!
The gnoll picks up the pace!
The gnoll hits you but does no damage. x2; You blink.
It was a potion of curing.
You feel better.
The gnoll is no longer moving quickly.
The gnoll bouda barks out a call to the hunt!
The gnoll picks up the pace!
The gnoll throws a stone.
The stone closely misses you.
Your attacks no longer feel as feeble.
The gnoll throws a curare-tipped dart.
The curare-tipped dart hits you.
You are poisoned.
You have difficulty breathing.
You feel as though you will be slow longer.
The gnoll throws a curare-tipped dart.
The curare-tipped dart barely misses you.
The gnoll throws a stone.
The stone hits you.
* * * LOW HITPOINT WARNING * * *
What are your orders? t - Shout!
Orders for allies: a - Attack new target. r - Retreat! s - Stop attacking. g - Guard the area. f - Follow me.
Anything else - Cancel.
Okay, then.
As you read the scroll labelled HOOLOISITA, it crumbles to dust.
It is a scroll of identify.
m - a potion of resistance You feel very sick.
The gnoll hits you from afar with a +2 spear of distortion!
* * * LOW HITPOINT WARNING * * *
Space warps horribly around you!
You die...
Your body crumbles into a pile of gold.

.....##... ......##....#..## .
. ...#...........# ..
.##........##...## ...
.........# #.)..#
....##.......####...####
...... #.............#.<.....#
......####...........#.......#
.......#.....)..h........#...#
.....................##.....##
.#..............g....#.......#
...............g.............#
...#..........g...#.).#..#...#
..$#.........g....#.##########
......#....##........#
......#....##.#.....##
....................#


You could see a gnoll bouda and 3 gnolls.

Vanquished Creatures
  Sigmund (D:4)
  Eustachio (D:4)
  A scorpion (D:4)
  2 adders (D:3)
  2 dart slugs (D:3)
  4 ribbon worms
  An orc (D:3)
  2 endoplasms
  A giant cockroach (D:3)
  7 hobgoblins
  4 jackals (D:1)
  7 kobolds
  3 quokkas
  5 ball pythons
  4 bats
  4 frilled lizards
  5 goblins
  10 rats
64 creatures vanquished.

Notes
Turn   | Place    | Note
-------+----------+-------------------------------------------
     0 | D:1      | Atlas the Troll Shapeshifter began the quest for the Orb.
     0 | D:1      | Reached XP level 1. HP: 18/18 MP: 0/0
   267 | D:1      | Reached XP level 2. HP: 23/26 MP: 1/1
   990 | D:2      | Reached XP level 3. HP: 32/32 MP: 2/2
  1496 | D:3      | Found a snail-covered altar of Cheibriados.
  1496 | D:3      | Found an opulent altar of Gozag.
  1497 | D:3      | Found a broken altar of Ashenzari.
  1498 | D:3      | Found a shimmering altar of Xom.
  1499 | D:3      | Found a burning altar of Makhleb.
  1504 | D:3      | Became a worshipper of Gozag Ym Sagoz the Greedy
  1708 | D:3      | Reached XP level 4. HP: 40/40 MP: 3/3
  1822 | D:3      | Reached skill level 4 in Unarmed Combat
  2067 | D:3      | Found a faded altar of an unknown god.
  2259 | D:4      | Noticed Sigmund
  2259 | D:4      | Noticed a scorpion
  2266 | D:4      | Killed a scorpion
  2267 | D:4      | Reached skill level 1 in Fighting
  2267 | D:4      | Reached XP level 5. HP: 48/48 MP: 4/4
  2273 | D:4      | Killed Sigmund
  2274 | D:4      | Reached skill level 5 in Unarmed Combat
  2274 | D:4      | Reached XP level 6. HP: 54/55 MP: 5/5
  2322 | D:4      | Noticed Eustachio
  2363 | D:4      | Killed Eustachio
  2382 | D:4      | Slain by a gnoll

Illustrated notes

Levels and vault maps discovered:
D:1:      pf_arrival_petrified_forest, layout_loops_corners
D:2:      layout_rooms
D:3:      layout_basic, grunt_temple_overflow_open,
          shapermc_ecumenical_altar_flowoftime
D:4:      layout_cave_pools, gammafunk_ghost_grave, uniq_edmund, uniq_sigmund,
          uniq_eustachio

Skill      XL: |  1  2  3  4  5 |
---------------+----------------+-----
Dodging        | 2 |  2.7
Unarmed Combat | 4 5 |  5.5
Fighting       | 1 |  1.2
Shapeshifting  | 4 |  4.3
Stealth        | |  0.8
Shields        | |  0.9

Action                     |  1- 3 |  4- 6 || total
---------------------------+-------+-------++-------
  Melee: Unarmed           |    94 |    44 ||   138
         Punch             |     4 |     2 ||     6
    Use: Scroll            |       |     1 ||     1
         Potion            |       |     1 ||     1
   Stab: Sleeping          |     1 |     1 ||     2
 Armour: Animal skin       |    27 |       ||    27
         Robe              |    19 |    47 ||    66
  Dodge: Dodged            |    37 |    34 ||    71
  Block: Other             |     6 |    20 ||    26
         Reflection        |     1 |     1 ||     2

Table legend: (Time is in decaauts)
 A = Elapsed time spent in this place.
 B = Non-inter-level travel time spent in this place.
 C = Inter-level travel time spent in this place.
 D = Time resting spent in this place.
 E = Time spent auto-exploring this place.
 F = Levels seen in this place.
 G = Mean time per level.
                   A        B        C        D        E       F      G
               +--------+--------+--------+--------+--------+-----+--------+
         Total |   2376 |   2286 |     90 |      8 |   1855 |   4 |  594.0 |
       Dungeon |   2376 |   2286 |     90 |      8 |   1855 |   4 |  594.0 |
               +--------+--------+--------+--------+--------+-----+--------+

Top non-repeatable levels by time:
     D:1: 882 daAuts
     D:3: 849 daAuts
     D:2: 521 daAuts
     D:4: 122 daAuts
